 Dungeon Crawl Stone Soup version 0.28.0 (webtiles) character file.

Game seed: 14961858227207523452

378 PoweredByGinger the Chopper (level 6, -5/48 HPs)
             Began as a Demonspawn Gladiator on Feb 10, 2022.
             Slain by an ogre (26 damage)
             ... on level 5 of the Dungeon.
             The game lasted 00:03:25 (4662 turns).

PoweredByGinger the Chopper (Demonspawn Gladiator)  Turns: 4662, Time: 00:03:26

Health: -5/48      AC:  5    Str: 16    XL:     6   Next: 45%
Magic:  6/6        EV: 13    Int: 10    God:
Gold:   131        SH:  0    Dex: 20    Spells: 5/5 levels left

rFire   . . .      SeeInvis .   a - +0 war axe
rCold   . . .      Faith    .   (no shield)
rNeg    . . .      Spirit   .   b - +0 leather armour
rPois   +          Reflect  .   c - +0 helmet
rElec   .          Harm     .   g - +0 cloak
rCorr   .          Rampage  .   (no gloves)
Will    .....                   (no boots)
Stlth   +.........              (no amulet)
HPRegen 0.16/turn               o - +6 ring of dexterity
MPRegen 0.20/turn               p - ring of poison resistance

@: no status effects
A: demonic guardian 2, magic regeneration, weakness stinger 1
a: no special abilities


You were on level 5 of the Dungeon.
You visited 1 branch of the dungeon, and saw 5 of its levels.

You collected 131 gold pieces.

Inventory:

Hand Weapons
 a - a +0 war axe (weapon)
Missiles
 d - 3 throwing nets (quivered)
 j - 89 arrows
 q - 36 bolts
Armour
 b - a +0 leather armour (worn)
 c - a +0 helmet (worn)
 g - a +0 cloak (worn)
Jewellery
 o - a +6 ring of dexterity (left hand)
 p - a ring of poison resistance (right hand)
 v - a ring of see invisible
 y - an amulet of magic regeneration
 B - a +6 ring of intelligence
Wands
 r - a wand of charming (14)
 x - a wand of paralysis (14)
Scrolls
 l - 3 scrolls of teleportation {unknown}
 m - 5 scrolls of identify {unknown}
 n - a scroll of fear {unknown}
 s - a scroll of enchant weapon {unknown}
 u - a scroll of fog {unknown}
 A - a scroll of silence {unknown}
Potions
 e - 3 potions of curing {unknown}
 f - a potion of brilliance {unknown}
 h - a potion of magic {unknown}
 i - 2 potions of ambrosia {unknown}
 k - a potion of degeneration {unknown}
 t - a potion of haste {unknown}
 w - a potion of flight {unknown}
 z - 3 potions of might {unknown}


   Skills:
 + Level 3.9 Fighting
 * Level 5.9 Axes
 - Level 1.7 Throwing
 - Level 2.6 Dodging


You had 5 spell levels left.
You didn't know any spells.
Your spell library contained the following spells:

 Spells                   Type           Power      Damage    Failure   Level
 Beastly Appendage        Tmut           0%         N/A       43%         1
 Wereblood                Tmut           0%         N/A       56%         2
 Frozen Ramparts          Ice            0%         1d2       80%         3
 Spider Form              Tmut/Pois      0%         N/A       80%         3
 Airstrike                Air            0%         N/A       99%         4
 Ice Form                 Ice/Tmut       0%         N/A       99%         4
 Summon Ice Beast         Ice/Summ       0%         N/A       99%         4
 Summon Lightning Spire   Summ/Air       0%         N/A       99%         4
 Lightning Bolt           Conj/Air       0%         1d11      100%        5


Dungeon Overview and Level Annotations

Branches:
Dungeon (5/15)
 Temple: D:4-7

Altars:
Ru

Annotations:
D:2 1 runed translucent door, Crazy Yiuf


Innate Abilities, Weirdness & Mutations

A demonic guardian rushes to your aid.
You regenerate magic rapidly.
You have a small tail.


Message History

Things that are here:
a +0 short sword; a +0 robe; the orc corpse of Blork the orc
Found a robe.
Found a stone staircase leading down.
No target in view!
No target in view!
No target in view!
There is a stone staircase leading down here.
Found a hunting sling.
You now have 131 gold pieces (gained 9).
An ogre comes into view. It is wielding a +0 giant club.
Found a stone staircase leading up.
An ogre is nearby!
An ogre is nearby!
An ogre is nearby!
The ogre shouts!
An ogre comes into view. It is wielding a +0 giant spiked club.
The ogre misses you.
The ogre shouts!
You hit the ogre.
The ogre is lightly wounded.
An iguana comes into view.
The iguana hisses angrily.
You slash the ogre!
The ogre is heavily wounded.
The ogre hits you with a +0 giant club!
You hit the ogre but do no damage.
The ogre is heavily wounded.
The ogre closely misses you.
You slash the ogre!
The ogre is almost dead.
The ogre hits you with a +0 giant club!
You are too injured to fight recklessly!
You are too injured to fight recklessly!
Unknown command.
The iguana bites you.
There is a stone staircase leading up here.
The ogre hits you with a +0 giant club!!
Ouch! That really hurt!
You die...

### ####$### ##
##....#.### ..
#..@......# ###.≈
#..O.....## ###....
###..l....#####......
.#....................
..........O............
........................
.###...........###O.....
#....#.......##..#....
..#...........#.l.#..#.


You could see 2 ogres and an iguana.

Vanquished Creatures
  A necrophage (D:5)
  Blork the orc (D:5)
  A howler monkey (D:5)
  A hound (D:5)
  An iguana (D:5)
  An orc wizard (D:3)
  A howler monkey zombie (D:5)
  Robin (D:3)
  2 adders
  4 dart slugs
  2 orcs (D:3)
  2 bats
  2 endoplasms
  3 giant cockroaches (D:1)
  12 goblins
  6 hobgoblins
  A quokka (D:1)
  5 ball pythons
  4 frilled lizards
  2 kobolds
  7 rats
60 creatures vanquished.

Vanquished Creatures (collateral kills)
  A kobold (D:4)
1 creature vanquished.

Grand Total: 61 creatures vanquished

Notes
Turn   | Place    | Note
-------+----------+-------------------------------------------
     0 | D:1      | PoweredByGinger the Demonspawn Gladiator began the quest
                  | for the Orb.
     0 | D:1      | Reached XP level 1. HP: 16/16 MP: 1/1
   122 | D:1      | Found a faded altar of an unknown god.
   277 | D:1      | Reached skill level 3 in Axes
   447 | D:1      | Gained mutation: A weak demonic guardian rushes to your
                  | aid. [demonic ancestry]
   447 | D:1      | Reached XP level 2. HP: 10/22 MP: 2/2
  1660 | D:2      | Found a sacrificial altar of Ru.
  1951 | D:2      | Found a runed translucent door.
  1952 | D:2      | Noticed Crazy Yiuf
  2287 | D:3      | Reached XP level 3. HP: 16/27 MP: 3/3
  2701 | D:3      | Reached skill level 4 in Axes
  2708 | D:3      | Noticed Robin
  2719 | D:3      | Killed Robin
  2812 | D:3      | Gained mutation: You regenerate magic rapidly. [demonic
                  | ancestry]
  2812 | D:3      | Reached XP level 4. HP: 25/34 MP: 4/4
  3790 | D:4      | Noticed an orc warrior
  4157 | D:5      | Entered Level 5 of the Dungeon
  4164 | D:5      | Gained mutation: A demonic guardian rushes to your aid.
                  | [demonic ancestry]
  4164 | D:5      | Reached XP level 5. HP: 33/41 MP: 5/5
  4257 | D:5      | Reached skill level 5 in Axes
  4412 | D:5      | Noticed Blork the orc
  4414 | D:5      | Noticed a necrophage
  4425 | D:5      | Killed Blork the orc
  4426 | D:5      | Discovered your monstrous ancestry.
  4426 | D:5      | Gained mutation: You have a small tail. [demonic ancestry]
  4426 | D:5      | Reached XP level 6. HP: 24/47 MP: 6/6
  4662 | D:5      | Slain by an ogre

Illustrated notes

Levels and vault maps discovered:
D:1:      roderic_octagonal_star, layout_loops_cross, serial_co_window_serial,
          co_window_of_opportunity_a, co_window_of_opportunity_a,
          co_window_paths_b, co_window_paths_b, co_window_paths_a,
          co_window_unsneaky_path_b, co_window_corner_ca, co_window_broadway_c,
          co_window_2corner, co_window_2corner, co_window_of_opportunity_b,
          co_window_of_opportunity_c, glass_columns_b, glass_columns_a,
          glass_columns_b, glass_columns_c, chequers_ecumenical_altar_simple,
          grunt_decor_resistance, corexii_hall_statues_i
D:2:      layout_basic, basic_altar, uniq_crazy_yiuf_cottage
D:3:      layout_basic, uniq_robin
D:4:      layout_gridville, dk_noncrumbling_3
D:5:      layout_cave_pools, chequers_serial_rivers_micro_c, uniq_blork_the_orc

Skill      XL: |  1  2  3  4  5 |
---------------+----------------+-----
Axes           | 3 4 5 |  5.9
Fighting       | 3 |  3.9
Throwing       | |  1.7
Dodging        | |  2.6

Action                   |  1- 3 |  4- 6 || total
-------------------------+-------+-------++-------
Melee: War axe           |   101 |    74 ||   175
       Punch             |       |     1 ||     1
       Tailslap          |       |     1 ||     1
 Stab: Sleeping          |     2 |     3 ||     5
Armor: Leather armour    |    37 |    18 ||    55
Dodge: Dodged            |    62 |    52 ||   114
